 Dungeon Crawl Stone Soup version 0.30-a0-222-ge547ba4400 (webtiles) character file.

Game seed: 17924959216812388227

57 Aibolit the Trooper (level 4, -1/40 HPs)
             Began as a Hill Orc Fighter on Oct 8, 2022.
             Slain by Sigmund
             ... wielding a +4 scythe of freezing
              (7 damage)
             ... on level 2 of the Dungeon.
             The game lasted 00:03:50 (1209 turns).

Aibolit the Trooper (Hill Orc Fighter)              Turns: 1209, Time: 00:03:51

Health: -1/40      AC: 12    Str: 20    XL:     4   Next: 0%
Magic:  4/4        EV:  7    Int:  8    God:
Gold:   71         SH:  4    Dex: 10    Spells: 3/3 levels left

rFire   . . .      SeeInvis .    a - +0 war axe
rCold   . . .      Faith    .    c - +0 buckler
rNeg    . . .      Spirit   .    h - +3 chain mail
rPois   .          Reflect  .    (no helmet)
rElec   .          Harm     .    (no cloak)
rCorr   .          Rampage  .    (no gloves)
Will    .....                    (no boots)
Stlth   ..........               (no amulet)
HPRegen 0.26/turn                (no ring)
MPRegen 0.09/turn                (no ring)

@: no status effects
A: no striking features
a: no special abilities


You were on level 2 of the Dungeon.
You visited 1 branch of the dungeon, and saw 2 of its levels.

You collected 71 gold pieces.

Inventory:

Hand Weapons
 a - a +0 war axe (weapon)
Armour
 c - a +0 buckler (worn)
 h - a +3 chain mail (worn)
Scrolls
 b - 2 scrolls of summoning {unknown}
 e - 2 scrolls of teleportation
 g - a scroll of identify
Potions
 d - 2 potions of might
 f - a potion of degeneration
 i - a potion of curing {unknown}


   Skills:
 + Level 4.2 Fighting
 + Level 3.7 Axes
 + Level 3.9 Armour
 + Level 0.2 Dodging
 + Level 3.6 Shields


You had 3 spell levels left.
You didn't know any spells.
Your spell library was empty.

Dungeon Overview and Level Annotations

Branches:
Dungeon (2/15)

Altars:

Annotations:
D:2 Sigmund


Message History

The worm closely misses you.
You hit the worm.
The worm is severely wounded.
The worm bites you.
You slash the worm!
You kill the worm!
You have reached level 4!
You see here a worm corpse.
You see here a worm corpse.
Found 7 stones.
b - 2 scrolls labelled SIGHIA ECZENTU (gained 1) Sigmund the Dreaded comes into view.
He is wielding a +4 scythe of freezing.
Sigmund is nearby!
Sigmund barely misses you.
You barely miss Sigmund. You hit Sigmund.
Sigmund is lightly wounded.
Sigmund gestures wildly while chanting.
Sigmund flickers and vanishes!
Deactivating autopickup; reactivate with Ctrl-A.
Something hits you but does no damage.
No target in view!
No target in view!
No target in view!
No target in view!
You barely miss something. Something hits you. Something freezes you.
You hit something but do no damage. Something hits you. Something freezes you.
You miss something. Something hits you! Something freezes you.
You closely miss something. You hit something.
Something hits you but does no damage.
You hit something. Something hits you!
* * * LOW HITPOINT WARNING * * *
Something freezes you.
* * * LOW HITPOINT WARNING * * *
You hit something. Something hits you.
* * * LOW HITPOINT WARNING * * *
Something freezes you.
* * * LOW HITPOINT WARNING * * *
You hit something. Something hits you!
You die...

##.######.###.##.#
#.# #........# #.#
#####.#### #+# #.#
#.# ##.# ##..#
####...##
.'......@#
.####....{.#
##.###.# ## .# #


There were no monsters in sight!

Vanquished Creatures
  A gnoll (D:1)
  A dart slug (D:1)
  3 worms (D:2)
  2 ball pythons (D:1)
  3 endoplasms (D:1)
  2 giant cockroaches (D:1)
  5 goblins
  6 hobgoblins (D:1)
  A kobold (D:2)
  A quokka (D:1)
  3 bats (D:1)
  4 frilled lizards (D:1)
  4 rats (D:1)
36 creatures vanquished.

Notes
Turn   | Place    | Note
-------+----------+-------------------------------------------
     0 | D:1      | Aibolit the Hill Orc Fighter began the quest for the Orb.
     0 | D:1      | Reached XP level 1. HP: 19/19 MP: 1/1
    90 | D:1      | Reached XP level 2. HP: 23/27 MP: 2/2
   198 | D:1      | Reached skill level 4 in Fighting
   314 | D:1      | Reached XP level 3. HP: 24/33 MP: 3/3
  1127 | D:2      | Reached XP level 4. HP: 36/40 MP: 4/4
  1197 | D:2      | Noticed Sigmund
  1209 | D:2      | Slain by Sigmund

Illustrated notes

Levels and vault maps discovered:
D:1:      lightli_arrival_noodles, layout_basic
D:2:      layout_loops_corners, uniq_sigmund

Skill      XL: |  1  2 |
---------------+-------+-----
Fighting       | 4 |  4.2
Axes           | 3 |  3.7
Armour         | |  3.9
Dodging        | |  0.2
Shields        | |  3.6

Action                   |  1- 3 |  4- 6 || total
-------------------------+-------+-------++-------
Melee: War axe           |    77 |    10 ||    87
  Use: Scroll            |     2 |       ||     2
Armor: Scale mail        |    35 |       ||    35
       Chain mail        |     4 |     2 ||     6
Dodge: Dodged            |    45 |     1 ||    46
Block: Buckler           |    16 |       ||    16

Table legend: (Time is in decaauts)
 A = Elapsed time spent in this place.
 B = Non-inter-level travel time spent in this place.
 C = Inter-level travel time spent in this place.
 D = Time resting spent in this place.
 E = Time spent auto-exploring this place.
 F = Levels seen in this place.
 G = Mean time per level.
                   A        B        C        D        E       F      G
               +--------+--------+--------+--------+--------+-----+--------+
         Total |   1240 |   1050 |    190 |      0 |    831 |   2 |  620.0 |
       Dungeon |   1240 |   1050 |    190 |      0 |    831 |   2 |  620.0 |
               +--------+--------+--------+--------+--------+-----+--------+

Top non-repeatable levels by time:
     D:1: 972 daAuts
     D:2: 268 daAuts
